 Dungeon Crawl Stone Soup version 0.29.0-4-gdea44cf6ec (webtiles) character file.

Game seed: 4873886684394152596

18 qw the Sneak (level 2, 0/19 HPs)
             Began as a Gargoyle Delver on Sept 10, 2022.
             Constricted to death by Sigmund (5 damage)
             ... on level 5 of the Dungeon.
             The game lasted 00:00:04 (190 turns).

qw the Sneak (Gargoyle Delver)                       Turns: 190, Time: 00:00:05

Health: 0/19       AC:  5    Str: 15    XL:     2   Next: 70%
Magic:  2/2        EV:  8    Int: 10    God:
Gold:   0          SH:  0    Dex: 11    Spells: 1/1 levels left

rFire   . . .      SeeInvis .   a - +0 hand axe
rCold   . . .      Faith    .   (no shield)
rNeg    + . .      Spirit   .   b - +0 leather armour
rPois   inf        Reflect  .   (no helmet)
rElec   +          Harm     .   (no cloak)
rCorr   .          Rampage  .   (no gloves)
Will    .....                   (no boots)
Stlth   +.........              (no amulet)
HPRegen 0.06/turn               (no ring)
MPRegen 0.08/turn               (no ring)

@: confused, grasped by roots, constricted
A: sickness immunity, AC +2, negative energy resistance 1, electricity
resistance, torment resistance 1, petrification resistance
a: no special abilities


You were on level 5 of the Dungeon.
You visited 1 branch of the dungeon, and saw 1 of its levels.


Innate Abilities, Weirdness & Mutations

You are immune to sickness and miasma.
Your stone body is resilient. (AC +2)
You are immune to poison.
You resist negative energy. (rN+)
You are resistant to electric shocks. (rElec)
You are resistant to unholy torment.
You are immune to petrification.


   Skills:
 - Level 3.2 Fighting
 + Level 2.9 Axes
 - Level 1.5 Dodging
 - Level 5.4 Stealth


You had one spell level left.
You didn't know any spells.
Your spell library was empty.

Inventory:

Hand Weapons
 a - a +0 hand axe (weapon)
Armour
 b - a +0 leather armour (worn)
Wands
 g - a wand of digging (3)
Scrolls
 c - a scroll of fog
 d - a scroll of magic mapping
 e - a scroll of fear
Potions
 f - a potion of haste

Dungeon Overview and Level Annotations

Branches:
Dungeon (5/15)
 Temple: D:4-7

Altars:

Annotations:
D:5 Sigmund


Message History

You hit the adder.
The adder is almost dead.
The adder misses you.
You barely miss the adder.
The adder is almost dead.
The adder bites you but does no damage. The adder bites you.
You completely miss the adder.
The adder is almost dead.
The adder bites you but does no damage.
You miss the adder.
The adder is almost dead.
The adder bites you. The adder barely misses you.
You hit the adder.
You kill the adder!
You start resting.
HP restored.
Sigmund the Dreaded comes into view.
He is wielding a +0 scythe and carrying a wand of roots (5).
Sigmund shouts!
Sigmund drinks a potion.
Sigmund's spells are empowered!
You see here a scroll labelled OCADUON TISTROU.
Sigmund casts a spell.
Sigmund flickers and vanishes!
Deactivating autopickup; reactivate with Ctrl-A.
You swing at nothing.
You hear a zap.
The roots erupt in riotous growth!
The grasping roots grab you!
You are constricted.
You hear a shout!
You swing at nothing.
You are constricted!
The grasping roots release their grip on you.
You swing at nothing.
You hear some strange, mumbled words.
You are confused.
You hear a zap.
The roots erupt in riotous growth!
The grasping roots grab you!
The necrophage is unaffected.
You are constricted.
You die...

###......# ...#
.........## ...
.......>..# ...
..........####.#
...............#
#######%.#####.#
#.........?..####.#.
.................{.....
.##............@####...
#.......##.#.n#
#...:.......#..#
..........##......
.......)..##.#.....
##................. ..
..... ..........


You could see a necrophage.

Vanquished Creatures
  2 adders (D:5)
2 creatures vanquished.

Notes
Turn   | Place    | Note
-------+----------+-------------------------------------------
     0 | D:5      | qw the Gargoyle Delver began the quest for the Orb.
     0 | D:5      | Reached XP level 1. HP: 14/14 MP: 1/1
     0 | D:5      | 0 ||| qw: Version: 0.1-a-116-g5d60599
     0 | D:5      | 0 ||| qw: Game counter: 8678
     0 | D:5      | 0 ||| qw: Always use a shield: true
     0 | D:5      | 0 ||| qw: God list: Okawaru
     0 | D:5      | 0 ||| qw: Allow faded altars: false
     0 | D:5      | 0 ||| qw: Do Orc after D:15 true
     0 | D:5      | 0 ||| qw: Do second Lair branch before Depths: true
     0 | D:5      | 0 ||| qw: Lair rune preference: random
     0 | D:5      | 0 ||| qw: Plans: Normal
     0 | D:5      | 0 ||| PLANNING D:1-11
    11 | D:5      | Noticed a necrophage
    12 | D:5      | 12 ||| Stepping ~*~*~tactically~*~*~ (stealth).
    24 | D:5      | Reached XP level 2. HP: 13/19 MP: 2/2
    86 | D:5      | 86 ||| Stepping ~*~*~tactically~*~*~ (stealth).
    87 | D:5      | 87 ||| Stepping ~*~*~tactically~*~*~ (stealth).
   183 | D:5      | Noticed Sigmund
   190 | D:5      | Constricted to death by Sigmund

Levels and vault maps discovered:
D:5:      layout_basic, nicolae_ru_awakened_eye, grunt_decor_arrowhead,
          nicolae_concentric_dashed_squares_mild, kennysheep_generic_room_14,
          uniq_sigmund

Skill      XL: |  1 |
---------------+----+-----
Axes           | 2 |  2.9
Fighting       | |  3.2
Dodging        | |  1.5
Stealth        | |  5.4

Action                   || total
-------------------------++-------
Melee: Hand axe          ||    17
Armor: Leather armour    ||     9
Dodge: Dodged            ||    10

Table legend:
 A = Non-vault XP
 B = Vault XP
 C = Vault XP percentage of total XP
 D = Non-vault monster count
 E = Vault monster count
 F = Vault count percentage of total count
                 A         B        C        D         E       F
            +---------+---------+-------+---------+---------+-------
      Total |      27 |       0 |   0.0 |       2 |       0 |   0.0
            +---------+---------+-------+---------+---------+-------
        D:5 |      27 |       0 |   0.0 |       2 |       0 |   0.0
            +---------+---------+-------+---------+---------+-------
